Cogmind - Beta 15 @@@ ROGUE MODE // 2025.10.14 @ 09:22:53 Player: shapeshifter Result: Destroyed by R0-K5A(h) with Bolt Gun Performance ------------- Evolutions (1) 500 Regions Visited (6) 1200 Robots Destroyed (84) 420 Value Destroyed (2268) 2268 Prototype IDs (17) 340 Alien Tech Used (0) 0 Bonus (752) 752 TOTAL SCORE: 5480 Bonus ------- High Alert Combat Kills 21 Follower Combat Kills 24 Registered with UFD 300 Met Optimus in HQ 500 Friendly Fire -93 Cogmind --------- Core Integrity 0/400 Matter 300/300 Energy 100/100 System Corruption 0% Temperature Warm (103) Movement Walking (180) Ox1 Location -9/Scraptown Parts ------- > --- POWER (1) -------- (None) > --- PROPULSION (3) --- VSS Leg VSS Leg VSS Leg > --- UTILITY (3) ------ High-capacity Storage Unit Makeshift Salvage Targeting Computer > --- WEAPON (2) ------- Improved Heavy Laser KE Penetrator > --- INVENTORY (20) --- Power Amplifier Huge Storage Unit Improved Trap Scanner Experimental Terrain Scanner Terrain Scan Processor Field Manipulator Authchip [Propulsion] Authchip [Propulsion] Authchip [Weapon] Authchip [Weapon] Improved Trap Extractor (0/6) Drone Bay (2/2) Plasma Cutter CPS Tube (2) CPS Tube (2) CPS Tube (2) CPS Tube (2) DRS Beacon (Ready) PL-3XN's Ring of Power Peak State ------------ > --- POWER ------------ Micro Fission Core > --- PROPULSION ------- VSS Leg VSS Leg VSS Leg > --- UTILITY ---------- High-capacity Storage Unit Makeshift Salvage Targeting Computer Improved Shield Generator > --- WEAPON ----------- Improved Heavy Laser KE Penetrator > --- INVENTORY -------- Power Amplifier Huge Storage Unit Improved Trap Scanner Experimental Terrain Scanner Terrain Scan Processor Field Manipulator Authchip [Propulsion] Authchip [Propulsion] Authchip [Weapon] Authchip [Weapon] Improved Trap Extractor Drone Bay Plasma Cutter CPS Tube CPS Tube CPS Tube CPS Tube DRS Beacon PL-3XN's Ring of Power [Rating: 44] Favorites ----------- Power Improved Ion Engine Engine Improved Ion Engine Power Core Light Nuclear Core Propulsion Light Treads Treads Light Treads Leg VSS Leg Wheel Compact Wheel Utility High-capacity Storage Unit Device Improved Heat Sink Storage High-capacity Storage Unit Processor Makeshift Salvage Targeting Computer Hackware System Shield Protection Light Armor Plating Weapon Light Assault Rifle Energy Gun Beam Rifle Energy Cannon Phase Cannon Ballistic Gun Light Assault Rifle Launcher Shock Bomb Launcher Special Weapon Plasma Cutter Impact Weapon Maul Build | -11 -10 -10 -9 -9 -9 -9 ------- Run | Yrd Mat Min Mat Sto Rec Scr Slots Evolved 2 | . . . 2 . . . Power . | . . . . . . . Propulsion 1 | . . . 1 . . . Utility 1 | . . . 1 . . . Weapon . | . . . . . . . Parts Attached 75 | 7 9 7 24 7 5 16 Power 8 | 1 1 1 2 . 1 2 Engine 6 | 1 1 1 2 . 1 . Core 2 | . . . . . . 2 Reactor . | . . . . . . . Propulsion 24 | 2 4 2 7 2 1 6 Treads 15 | 2 4 . 5 2 1 1 Leg 3 | . . . . . . 3 Wheel 6 | . . 2 2 . . 2 Hover . | . . . . . . . Flight . | . . . . . . . Utility 22 | 2 2 2 7 3 3 3 Device 7 | 1 . 1 1 2 1 1 Storage 5 | 1 2 . 1 . 1 . Processor 1 | . . . . . . 1 Hackware 2 | . . . 1 . 1 . Protection 7 | . . 1 4 1 . 1 Artifact . | . . . . . . . Weapon 21 | 2 2 2 8 2 . 5 Energy Gun 7 | . . . 4 2 . 1 Energy Cannon 2 | . . . . . . 2 Ballistic Gun 9 | 2 1 1 4 . . 1 Ballistic Cannon . | . . . . . . . Launcher 1 | . . 1 . . . . Special Weapon 1 | . . . . . . 1 Impact Weapon 1 | . 1 . . . . . Slashing Weapon . | . . . . . . . Piercing Weapon . | . . . . . . . Special Melee Weapon . | . . . . . . . Unidentified Prototypes 2 | . . . 1 1 . . Parts Lost 23 | . 1 5 7 2 . 8 Power 5 | . . 2 . . . 3 Propulsion 9 | . . 2 3 1 . 3 Utility 6 | . 1 1 2 . . 2 Weapon 3 | . . . 2 1 . . Highest Loss Streak 4 | . 1 4 3 2 . 4 To Critical Strikes . | . . . . . . . Average Backups 16 | 3 10 14 14 14 17 18 Power . | . . . . . . . Propulsion . | 1 3 3 . . . . Utility 11 | . 3 6 10 12 13 14 Weapon 2 | 1 2 4 3 2 2 1 Tool/Special . | . . . . . . . Unused Backups 33 | . 1 5 1 . 2 24 Power . | . . . . . . . Propulsion 4 | . . 4 . . . . Utility 22 | . . . 1 . 2 19 Weapon 2 | . 1 1 . . . . Tool/Special 5 | . . . . . . 5 Average Slot Usage (%) 86 | . 85 95 78 96 97 82 Engine 7 | . 14 13 5 11 11 2 Core 2 | . . . . . . 6 Treads 25 | . 28 27 21 30 33 23 Wheel 3 | . . . 2 . . 6 Device 6 | . . . . 5 11 9 Storage 11 | . 14 14 11 11 11 11 Hackware 3 | . . . 5 5 10 2 Protection 6 | . . 9 11 11 . 8 Energy Gun 7 | . . . 3 20 19 6 Energy Cannon 1 | . . . . . . 4 Ballistic Gun 7 | . 27 27 16 . . . Peak Build Rating 44 | 7 9 16 21 23 21 44 Average Rating 18 | 5 7 12 14 19 19 23 On Entrance 11 | . 7 8 9 20 20 17 Naked Turns . | . . . . . . . Heaviest Build 65 | 13 27 34 56 57 57 65 Greatest Support 60 | 40 40 40 60 60 60 60 Greatest Overweight (x) 4 | . . 2 2 1 . 4 Average Overweight (x) 1 | . . . . . . 2 Largest Inventory Capacity 25 | 8 15 15 20 20 25 20 Average Capacity 17 | 7 11 15 17 20 20 20 Most Carried 20 | 7 15 15 20 17 20 20 Average Carried 16 | 3 10 14 14 14 17 19 Final Capacity 20 | 8 15 15 20 20 20 20 Final Carried 19 | 6 15 13 17 15 19 19 Class Distribution -------------------- 57% | Commander-Mutant 28% | Mutant 13% | Scavenger-Mutant Dominant Class ---------------- Mutant | -10/Materials Mutant | -10/Mines Scavenger-Mutant | -9/Materials Scavenger-Mutant | -9/Storage Commander-Mutant | -9/Recycling Commander-Mutant | -9/Scraptown Resources | -11 -10 -10 -9 -9 -9 -9 ----------- Run | Yrd Mat Min Mat Sto Rec Scr Matter Collected 1931 | 281 248 178 669 200 61 294 Remotely . | . . . . . . . Salvage Created 3415 | 89 539 251 1158 532 523 323 Parts 206 | 6 34 22 74 28 21 21 Haulers Intercepted 2 | . 2 . . . . . Recyclers Shooed 2 | . . . 2 . . . Parts Field Recycled . | . . . . . . . Retrieved Matter . | . . . . . . . Parts Self-Destructed . | . . . . . . . Prevented . | . . . . . . . Kills | -11 -10 -10 -9 -9 -9 -9 ------- Run | Yrd Mat Min Mat Sto Rec Scr Combat Hostiles Destroyed 67 | . 14 10 24 6 8 5 Guns 58 | . 14 8 21 4 8 3 Cannons 1 | . . . . . . 1 AOE 5 | . . 2 3 . . . Classes Destroyed 16 | 2 4 . 4 . 2 4 Worker 2 | . . . 1 1 . . Tunneler 1 | 1 . . . . . . Hauler 2 | . 2 . . . . . Recycler 6 | 1 . . 1 2 2 . Operator 1 | . . . 1 . . . Watcher 5 | . 2 . 3 . . . Swarmer 21 | . 8 6 7 . . . Grunt 24 | . 6 4 11 . 3 . Brawler 1 | . . . 1 . . . Sentry 14 | . . . 5 6 3 . Demolisher 1 | . . . . . 1 . Programmer 1 | . . . . . 1 . Explorer 2 | . . . . . . 2 Ranger 1 | . . . . . . 1 Guru 1 | . . . . . . 1 Scrapper 1 | . . . . . . 1 Best Kill Streak 7 | 1 5 5 7 3 3 2 Combat Bots Only 5 | . 5 5 4 1 3 2 Max Kills in Single Turn 3 | 1 1 1 3 1 2 1 Gunslinging . | . . . . . . . Exploded 3 | . . 1 3 . . . Melee . | . . . . . . . Uniques/NPCs Destroyed . | . . . . . . . Combat | -11 -10 -10 -9 -9 -9 -9 -------- Run | Yrd Mat Min Mat Sto Rec Scr Hostile Shots Fired 431 | . 64 50 165 39 24 89 Missed 123 | . 18 14 45 18 6 22 Hits 308 | . 46 36 120 21 18 67 Melee 2 | . . . 2 . . . Projectile 306 | . 46 36 118 21 18 67 AOE 14 | . . 13 . . 1 . Critical Strikes 8 | . . 1 3 . . 4 Damage Taken 4364 | . 417 793 1436 427 264 1027 Core 529 | . 20 105 122 30 48 204 Absorbed by Shields 166 | . . . 28 . 6 132 Ignored by Resistances 17 | . . 17 . . . . Core Remaining (%) 75 | 100 . 50 . . . . Volleys Fired 297 | 12 66 26 127 24 21 21 Largest 2 | 2 2 2 2 2 2 2 Hottest 150 | 40 40 53 112 112 112 150 Shots Fired 552 | 24 132 47 222 47 44 36 Gun 535 | 24 132 43 220 47 44 25 Cannon 11 | . . . . . . 11 Launcher 6 | . . 4 2 . . . Special . | . . . . . . . Kinetic 421 | 24 132 43 214 . . 8 Thermal 121 | . . . 2 47 44 28 Explosive . | . . . . . . . Electromagnetic 10 | . . 4 6 . . . Robot Hit Streak 18 | 6 10 6 18 10 6 7 Robot Miss Streak 8 | 2 5 4 8 2 2 3 Penetration Max 1 | . . . . . . 1 Secondary Targets 4 | . 2 . 1 . 1 . Max Gunslinging Chain 1 | . 1 . 1 . 1 . Shots Hit Robots 349 | 16 79 28 140 35 26 25 Core Hits 148 | 5 35 17 55 12 14 10 Critical Kills 7 | . 3 1 1 . . 2 Critical Parts Destroyed 2 | . 1 . 1 . . . Critical Strikes 18 | . 4 1 2 8 1 2 Burn 9 | . . . . 8 1 . Meltdown 1 | . . . . . . 1 Destroy 8 | . 4 1 2 . . 1 Melee Attacks 2 | . 2 . . . . . Impact 2 | . 2 . . . . . Slashing . | . . . . . . . Piercing . | . . . . . . . Sneak Attacks . | . . . . . . . Combat Hostiles . | . . . . . . . Follow-up Attacks . | . . . . . . . Damage Inflicted 4799 | 128 633 617 1739 524 436 722 Guns 4264 | 128 633 483 1585 524 436 475 Cannons 247 | . . . . . . 247 Explosions 288 | . . 134 154 . . . Melee . | . . . . . . . Ramming . | . . . . . . . Kinetic 2968 | 128 633 483 1525 . . 199 Thermal 1503 | . . 5 15 524 436 523 Explosive . | . . . . . . . Electromagnetic 328 | . . 129 199 . . . Impact . | . . . . . . . Slashing . | . . . . . . . Piercing . | . . . . . . . Highest Corruption 3 | . 3 3 1 1 2 2 Average Corruption 2 | . 2 3 1 1 1 2 Corruption Purged . | . . . . . . . Corruption Blocked . | . . . . . . . Effects 66 | . 3 14 2 2 20 25 Message Errors 19 | . 1 5 . 1 4 8 Matter Fused 22 | . 1 6 2 . 6 7 Heat Flow Errors 6 | . . 2 . . 2 2 Energy Discharges 8 | . 1 1 . . 2 4 Parts Fused 1 | . . . . . . 1 Data Loss (minor) 2 | . . . . . 1 1 Data Loss (major) 2 | . . . . . 1 1 Misfires 3 | . . . . . 3 . Alerts 1 | . . . . . . 1 Weapon Failures 2 | . . . . 1 1 . Overload Shots . | . . . . . . . Overflow Damage 18 | . . . 6 . . 12 Projectiles 12 | . . . . . . 12 Explosions 6 | . . . 6 . . . Melee . | . . . . . . . Knockbacks . | . . . . . . . Impact . | . . . . . . . Kinetic . | . . . . . . . Secondary . | . . . . . . . Self-Inflicted Damage 31 | . . . 31 . . . Shots 2 | . . . 2 . . . Rammed . | . . . . . . . Targets Rammed . | . . . . . . . Kicked . | . . . . . . . Crushed . | . . . . . . . Highest Temperature 347 | . 12 127 78 185 79 347 Average Temperature 55 | . 7 27 13 77 13 134 Received Heat Transfer 1274 | . 108 63 441 117 68 477 Effects 3 | . . . . . . 3 Energy Bleed 1 | . . . . . . 1 Interference 2 | . . . . . . 2 Siege Activations . | . . . . . . . Martial Activations . | . . . . . . . Shielding Activations . | . . . . . . . Robots Disrupted . | . . . . . . . Combat Hostiles . | . . . . . . . Robots Corrupted . | . . . . . . . Combat Hostiles . | . . . . . . . Parts Fried 1 | . . . 1 . . . Impact Corruptions . | . . . . . . . Robots Melted 3 | . . . . 2 . 1 Combat Hostiles 3 | . . . . 2 . 1 Parts Melted 16 | . . . . 11 1 4 Heat Transferred 3799 | . . 50 37 1924 1184 604 Parts Sabotaged . | . . . . . . . Parts Stolen . | . . . . . . . Parts Stripped . | . . . . . . . Power Chain Reactions . | . . . . . . . Alert | -11 -10 -10 -9 -9 -9 -9 ------- Run | Yrd Mat Min Mat Sto Rec Scr Maximum Alert Level 2 | . . 1 2 1 . . Low Security (%) 95 | 100 100 90 87 91 100 . Level 1 3 | . . 9 10 8 . . Level 2 . | . . . 2 . . . Level 3 . | . . . . . . . Level 4 . | . . . . . . . Level 5 . | . . . . . . . High Security . | . . . . . . . Max Security . | . . . . . . . Peak Influence 408 | 5 102 216 408 235 118 . Initial 170 | . . 21 52 170 87 . Average 58 | . 37 53 89 155 46 . Influence Increases 2326 | 10 481 369 826 255 385 . Destroy 0b10 Robot/C 1240 | . 280 200 480 120 160 . Destroy 0b10 Robot/NC 85 | 10 20 . 30 15 10 . Destroy Leader 284 | . 68 40 116 60 . . Allied During Kill 23 | . . . . . 23 . Successful Hack 92 | . 21 . 60 . 11 . Select Force Hacks 300 | . 60 . . 60 180 . Disable Machine 60 | . . 45 15 . . . Destroy Structure 17 | . 2 9 5 . 1 . Lose Combat Pursuer 225 | . 30 75 120 . . . Influence Decreases 2326 | 10 425 289 556 436 566 44 Entered New Map 537 | . . 35 84 236 138 44 Time Decay 1629 | 10 415 214 402 180 408 . Lost Part 140 | . 10 40 70 20 . . Lost Ally 20 | . . . . . 20 . Squads Dispatched 10 | . 4 . 3 3 . . Investigation 5 | . 2 . 1 2 . . Extermination . | . . . . . . . Reinforcement 5 | . 2 . 2 1 . . Assault . | . . . . . . . Garrison . | . . . . . . . Intercept . | . . . . . . . Searches Triggered . | . . . . . . . Construction Impeded . | . . . . . . . Haulers Reinforced . | . . . . . . . Active Scanning Responses . | . . . . . . . Cargo Convoy Interrupts . | . . . . . . . Stealth | -11 -10 -10 -9 -9 -9 -9 --------- Run | Yrd Mat Min Mat Sto Rec Scr Distress Signals 11 | . 4 1 5 1 . . Communications Jammed . | . . . . . . . Distress Signals . | . . . . . . . Times Spotted 137 | . 30 16 46 11 6 28 Peak Tracking Total 11 | . 4 3 7 3 5 11 Tactical Retreats 9 | . 2 4 3 . . . Traps | -11 -10 -10 -9 -9 -9 -9 ------- Run | Yrd Mat Min Mat Sto Rec Scr Traps Triggered 5 | . 2 1 . 1 . 1 Indirectly . | . . . . . . . Trap Hack Attempts . | . . . . . . . Triggered . | . . . . . . . Disarmed . | . . . . . . . Reprogrammed . | . . . . . . . Reused . | . . . . . . . Traps Extracted . | . . . . . . . Installed 1 | . . . . . . 1 Triggered . | . . . . . . . Machines | -11 -10 -10 -9 -9 -9 -9 ---------- Run | Yrd Mat Min Mat Sto Rec Scr Machines Disabled 9 | . . 3 1 . . 5 Max in Single Turn 3 | . . 3 1 . . . Machines Repaired . | . . . . . . . Machines Dismantled . | . . . . . . . Machines Sabotaged . | . . . . . . . Overloaded Fab Kills . | . . . . . . . Hacking | -11 -10 -10 -9 -9 -9 -9 --------- Run | Yrd Mat Min Mat Sto Rec Scr Machines Accessed 34 | . 8 1 6 5 12 2 Terminals 21 | . 6 . 6 3 6 . Fabricators . | . . . . . . . Repair Stations . | . . . . . . . Recycling Units 10 | . 2 . . 2 6 . Scanalyzers . | . . . . . . . Garrison Access . | . . . . . . . Total Hacks 108 | . 26 1 22 11 44 4 Successful 63 | . 14 1 15 6 23 4 Failed 45 | . 12 . 7 5 21 . Catastrophic 5 | . 1 . 1 1 2 . Database Lockouts . | . . . . . . . Manual 72 | . 25 . 19 8 20 . Terminals 75 | . 21 . 22 6 26 . Fabricators . | . . . . . . . Repair Stations . | . . . . . . . Recycling Units 28 | . 5 . . 5 18 . Scanalyzers . | . . . . . . . Garrison Access . | . . . . . . . Terminal Hacks 17 | . 1 1 4 1 6 4 Record 3 | . . . . . . 3 Part Schematic 3 | . . . . . 3 . Robot Schematic 1 | . . . . . 1 . Robot Analysis 1 | . . . 1 . . . Prototype ID Bank 2 | . 1 . . . 1 . Open Door 2 | . . 1 . 1 . . Branch Access Points 2 | . . . 2 . . . Zone Layout 2 | . . . 1 . 1 . Proto ID Catalog 1 | . . . . . . 1 Fabricator Hacks . | . . . . . . . Repair Station Hacks . | . . . . . . . Recycling Unit Hacks 8 | . 2 . . 2 4 . Retrieve Components 8 | . 2 . . 2 4 . Scanalyzer . | . . . . . . . Garrison Access Hacks . | . . . . . . . Unauthorized Hacks 38 | . 11 . 11 3 13 . Terminals 28 | . 9 . 11 1 7 . Assimilate 2 | . 1 . 1 . . . Botnet 9 | . 3 . 4 . 2 . Skim 17 | . 5 . 6 1 5 . Fabricators . | . . . . . . . Repair Stations . | . . . . . . . Recycling Units 10 | . 2 . . 2 6 . Tunnel 10 | . 2 . . 2 6 . Scanalyzers . | . . . . . . . Garrison Access . | . . . . . . . Data Cores Recovered . | . . . . . . . Used . | . . . . . . . Hacking Detections 25 | . 7 . 5 3 10 . Full Trace Events 1 | . . . 1 . . . Feedback Events . | . . . . . . . Feedback Blocked . | . . . . . . . Robot Schematics Acquired 1 | . . . . . 1 . Robots Built . | . . . . . . . Authchips . | . . . . . . . Time . | . . . . . . . Total Robot Build Rating . | . . . . . . . Part Schematics Acquired 3 | . . . . . 3 . Parts Built . | . . . . . . . Authchips . | . . . . . . . Time . | . . . . . . . Total Part Build Rating . | . . . . . . . Parts Repaired . | . . . . . . . Time . | . . . . . . . Parts Recycled . | . . . . . . . Recycled Matter . | . . . . . . . Retrieved Matter . | . . . . . . . Retrieved Components 43 | . 19 . . 18 6 . Parts Scanalyzed . | . . . . . . . Part Schematics Acquired . | . . . . . . . Parts Damaged . | . . . . . . . Bothacking | -11 -10 -10 -9 -9 -9 -9 ------------ Run | Yrd Mat Min Mat Sto Rec Scr Used RIF Installer . | . . . . . . . Robots Hacked . | . . . . . . . Non-combat . | . . . . . . . Combat . | . . . . . . . Robot Hacks Applied . | . . . . . . . Relay Couplers Released . | . . . . . . . Fabnet Peak Effective % . | . . . . . . . Robots Rewired 16 | . . . . . 16 . Allies Hacked . | . . . . . . . Hacks Repelled . | . . . . . . . Allies | -11 -10 -10 -9 -9 -9 -9 -------- Run | Yrd Mat Min Mat Sto Rec Scr Total Allies 16 | . . . . . 16 . Largest Group 15 | . . . . . 15 14 Highest-Rated Group 215 | . . . . . 215 210 Highest-Rated Ally 27 | . . . . . 27 27 Total Orders 5 | . . . . . . 5 STAY 1 | . . . . . . 1 ROAM 1 | . . . . . . 1 FOLLOW 1 | . . . . . . 1 AID 2 | . . . . . . 2 Ally Attacks 30 | . . . . . 7 23 Total Damage 565 | . . . . . 98 467 Kills 7 | . . . . . 1 6 Allies Corrupted . | . . . . . . . Allies Melted 3 | . . . . . . 3 Intel | -11 -10 -10 -9 -9 -9 -9 ------- Run | Yrd Mat Min Mat Sto Rec Scr Active Infowar (turns) 59 | 15 43 . . 1 . . Terrain 1 | . . . . 1 . . Seismic 58 | 15 43 . . . . . Robot Analysis Total 1 | . . . 1 . . . Derelict Logs Recovered 2 | . . 2 . . . . Drone Launches . | . . . . . . . Drone Recoveries . | . . . . . . . Exploration | -11 -10 -10 -9 -9 -9 -9 ------------- Run | Yrd Mat Min Mat Sto Rec Scr Turns Passed 10684 | 216 1566 706 1139 365 1662 5030 Spaces Moved 5250 | 119 771 381 460 155 687 2677 Core 22 | 22 . . . . . . Treads 3549 | 97 771 373 361 155 687 1105 Legs 8 | . . . . . . 8 Wheels 1671 | . . 8 99 . . 1564 Hover . | . . . . . . . Flight . | . . . . . . . Fastest Speed 50 | 50 160 110 100 160 160 130 Average Speed 163 | 139 160 159 166 174 160 166 Slowest Speed 330 | 160 160 240 240 240 160 330 Overloaded Moves . | . . . . . . . Propulsion Burnouts . | . . . . . . . Robots Hopped . | . . . . . . . Potential Cave-ins . | . . . . . . . Cave-ins Triggered . | . . . . . . . Exploration Rate (%) 61 | 6 96 66 46 30 99 87 Regions Visited 6 Branch Regions 4 Pre-discovered Areas 15 | . 3 . . 2 10 . Known Exits Taken 4 | . 1 1 1 . 1 . Unknown Exits Taken 2 | 1 . . . 1 . . Scrap Searched 4 | . . 2 . . . 2 Spaces Dug 2 | . 2 . . . . . Terrain Destroyed 14 | . 2 11 . . . 1 Melee 2 | . 2 . . . . . Projectile 2 | . . 1 . . . 1 AOE 10 | . . 10 . . . . Terrain Rammed . | . . . . . . . Walls Destroyed . | . . . . . . . Machines Disabled . | . . . . . . . Actions | -11 -10 -10 -9 -9 -9 -9 --------- Run | Yrd Mat Min Mat Sto Rec Scr Total 6883 | 150 996 437 658 203 1210 3229 Wait 885 | . 123 12 2 4 275 469 Move 5244 | 118 770 380 459 154 686 2677 Hop . | . . . . . . . Pick Up 94 | 13 16 5 26 6 8 20 Fast Attach 15 | . . 1 4 . . 10 Attach 44 | 7 2 2 19 6 1 7 Detach 2 | . . . . . 1 1 Swap 28 | . 8 5 6 3 5 1 Drop 65 | . 9 6 15 6 7 22 Fire 297 | 12 66 26 127 24 21 21 Melee 2 | . 2 . . . . . Ram . | . . . . . . . Kick . | . . . . . . . Crush . | . . . . . . . Escape Stasis . | . . . . . . . Rewire 206 | . . . . . 206 . Trap 1 | . . . . . . 1 Miscellaneous . | . . . . . . . Route ------- -11/Scrapyard -10/Materials (discovered 6 exits: *Mat x3 / *Min x2 / *Sub) -10/Mines (discovered 2 exits: *Mat / *Sub) -9/Materials (discovered 6 exits: *Mat x3 / Min x2 / *Sto) -9/Storage -9/Recycling (discovered 2 exits: *Fac / *Scr) -9/Scraptown (discovered 2 exits: [*Fac x2]) History --------- Turn | Location | Event 6 | -11/Scrapyard | Discovered new exit (range 14) 217 | -11/Scrapyard | Entered Materials 245 | -10/Materials | Discovered new exit (range 8) 318 | -10/Materials | Build established: Mutant 420 | -10/Materials | Discovered new exit (range 16) 609 | -10/Materials | Discovered new exit (range 7) 1041 | -10/Materials | Discovered new exit (range 10) 1105 | -10/Materials | Identified exit to Mines 1105 | -10/Materials | Identified exit to Subcaves 1187 | -10/Materials | Learned Storage security intel 1236 | -10/Materials | Identified exit to Materials 1265 | -10/Materials | Learned location of Mines (-10) 1303 | -10/Materials | Learned 8 Materials zone layouts 1783 | -10/Materials | Entered Mines 1796 | -10/Mines | Met a Derelict bent on vengeance 1814 | -10/Mines | A weapon hastily lodged in a ceiling crevice suddenly fell to the ground 1906 | -10/Mines | Learned Materials stockpile data 1941 | -10/Mines | Learned 4 Materials zone layouts 1945 | -10/Mines | Met a Derelict who couldn't figure out how to use a Trap Extractor 2011 | -10/Mines | Discovered exit to Subcaves (range 6) 2314 | -10/Mines | Discovered exit to Materials (range 16) 2436 | -10/Mines | Assembled infested the area 2441 | -10/Mines | Assisted by a Guerilla fighting off Assembled 2489 | -10/Mines | Entered Materials 2489 | -9/Materials | Evolved 2 slots: Propulsion x1, Utility x1 2490 | -9/Materials | Identified exit to Mines 2491 | -9/Materials | Identified exit to Materials 2513 | -9/Materials | Lost 4 parts (1p2n1u) 2596 | -9/Materials | Lost 3 parts (1n1u1w) 2649 | -9/Materials | Identified exit to Storage 3309 | -9/Materials | Build established: Scavenger-Mutant 3610 | -9/Materials | Learned location of 3 exits from Materials 3628 | -9/Materials | Entered Storage 3986 | -9/Storage | Used back door to open Recycling access 3986 | -9/Storage | Discovered new exit (range 5) 3993 | -9/Storage | Entered Recycling 4713 | -9/Recycling | Build established: Commander-Mutant 4990 | -9/Recycling | Learned location of 2 exits from Materials 5013 | -9/Recycling | Discovered new exit (range 16) 5069 | -9/Recycling | Learned Materials stockpile data 5138 | -9/Recycling | Learned location of Zion (-6) 5251 | -9/Recycling | Identified exit to Scraptown 5292 | -9/Recycling | Learned Storage terminal intel 5322 | -9/Recycling | Identified exit to Factory 5360 | -9/Recycling | Learned 2 Materials zone layouts 5407 | -9/Recycling | Learned location of Mines (-8) 5549 | -9/Recycling | Scanned before Scraplab entrance 5584 | -9/Recycling | Entered Scraplab 5655 | -9/Recycling | Entered Scraptown 5655 | -9/Scraptown | Accompanied by 14 allies 5807 | -9/Scraptown | Visited Fellowship of the Rings 5822 | -9/Scraptown | Visited Artisan Demo Area 5867 | -9/Scraptown | Visited Junk Repository 5926 | -9/Scraptown | Visited Comm Corps 5959 | -9/Scraptown | Visited Symbiants 6121 | -9/Scraptown | Visited UFD Registry 6121 | -9/Scraptown | Registered with UFD as "Megaspawn" 6171 | -9/Scraptown | Visited Science Testing Area 6260 | -9/Scraptown | Discovered new exit (range 5) 6342 | -9/Scraptown | Visited Derelict Rescue Squad 6364 | -9/Scraptown | Found DRS Beacon 6395 | -9/Scraptown | Visited Abandonware Association 6411 | -9/Scraptown | Learned abandonware demo "ERRANTS.EXE" 6439 | -9/Scraptown | Visited Observation Area 6491 | -9/Scraptown | Visited LU-1G1's Boring Crew 6511 | -9/Scraptown | Visited Science Guys 6571 | -9/Scraptown | Warned about trapping Scraptown 6619 | -9/Scraptown | Visited Junk Repository 6837 | -9/Scraptown | Found Field Manipulator 6852 | -9/Scraptown | Lost 3 allies 7134 | -9/Scraptown | Visited Scrap Suit Storage 7465 | -9/Scraptown | System corruption cleaned by C-Scrubber 7573 | -9/Scraptown | Visited Infowarlord's Domain 7922 | -9/Scraptown | Discovered new exit (range 13) 8663 | -9/Scraptown | Found Exp. Terrain Scanner 9154 | -9/Scraptown | Visited Scrapoid Pod Storage 10083 | -9/Scraptown | Met Optimus 10083 | -9/Scraptown | Accepted into 0bPrime 10483 | -9/Scraptown | Civil war broke out across Scraptown 10527 | -9/Scraptown | Found PL-3XN's Ring of Power 10576 | -9/Scraptown | Core integrity fell below 50% 10577 | -9/Scraptown | Lost 7 allies 10605 | -9/Scraptown | Lost 4 parts (1p2n1u) 10684 | -9/Scraptown | Core integrity fell below 20% 10685 | -9/Scraptown | Destroyed by R0-K5A(h) with Bolt Gun Last Messages --------------- 10639_ Slug penetrates 3P-RBX(h). 10641_ Acquired 54 matter. 10642_ Q9-LP0(x) destroyed. 10647_ Bolt penetrates MT-CES(j). 10648_ 3P-RBX(h) destroyed. 10656_ Acquired VSS Leg. 10660_ Acquired 10 matter. 10662_ Acquired VSS Leg. 10664_ Dropped Com. Wheel. 10665_ Acquired 20 matter. 10677_ Penetrated by Bolt. 10678_ Slug penetrates A2-LKJ(x). 10680_ Penetrated by Bolt. 10682_ Imp. Shield Generator destroyed. 10683_ Penetrated by Bolt. 10683_ Slug penetrates 73-71D(p). 10683_ Bolt penetrates Machine. 10684_ Mic. Fission Core destroyed. 10684_ Critical hit (Burn: +50). 10685_ Penetrated by Bolt. Map ----- +----------------------------------------------------+ | ## ####???????##### ########### ########### ##### | | #???????#"""" "" """""" """"""""""" """"" | | #???????#" * | | #???????#" !%==! | | #???????#" ![[%[%! | | #???????#" =[!===!=% | | #???#####" **=**=!% | | #???#"""" ![%"[""=""""""""""""""""""""""" | | #???#"""" !=!!""""""""""""""""""""""""""" | | #???#"""" /=!["###### ################"" | | #???#"""" !=%*"# ##????????#"" | | #???#"""" !""# X"#????????#"" | | ###?#"""" ] ""# "" "" ##????????#"" | | "#"#"""" *% "# "" ! "" X"#??????###"" | | """#"""" !""# " [[[ " ######### #"" | | ""####"## "" "= | | = ###?? ??#" "" "" | | /=%[=*######### ""# " ######### #"" | | %=**=%! !%[ ""# "" "" ""#??????###"" | | *%!%=[ [! % == # ""[ "" ##????????#"" | | /% ! = *%/%"# %*% *% X"#????????#"" | | = *""# ##????????#"" | | /%*! #;#### ################"" | | ! !% """"""""""""""""""""""""""" | | !%=%! =[[= " """"%%%*% """"""""""" | | %!%!@ =**=!*[=[h|g | | ! =[ [x[!%!!==j!! j | | !%=%[=%!j[%j p [ | | #""""#" % !!!!! !!=h! | | #????#" *!!!=*[[p | | #????#""" "" " " """""""%/"" """" | | ### ####????####### ###########!##;"""""""" "### | | ??# #?????????# ##" "" " | | ??# #?????????# ##" "" " | | ??# #?????????# # # ##" "" " " | | ??# #?????????# =#!! #!=##" ! "" " " | | ??# #?????????#/?# ![#![##""""""" # " !* " | | ??# #?????????#??################## " """ | | ??# #?????????????????????????????###" "" | | ??# #???????????????????????????????##"" " | | ??# #????????????????????????????????#"""" "" | | ??# #????????????????????????????????#""" X """" | | ??# #????????????????????????????????#"""""""""" | | ### #????????????????????????????????########### | | """ #?????????????????????????###???????######## | | """ #????????????????????#?"??#"""##"""##"""##"| | | "" #???????????????# ""##|""##" "##"""##""|##" | | #?????????????? | | " " #?????????????? | | """ #?????????????? ! ! | +----------------------------------------------------+ Best States ------------- Heat Dissipation 42 Energy Generation 15 Energy Capacity 265 Matter Stores 300 Matter Capacity 300 Sight Range 16 Terrain Scan Range 16 Terrain Scan Density 10 Armor Coverage 375 Resistance: TH 10 Evasion (%) 50 Recoil Reduction 3 Salvage Targeting 4 Offensive Hacking 10 Defensive Hacking 10 Authchip Count 5 Trap Extractor Capacity 6 Item Schematics ----------------- Matter Filter | -9/Recycling | Hacked EM Shotgun | -9/Recycling | Hacked Recalibrator | -9/Recycling | Hacked Robot Schematics ------------------ W-16 Scout | -9/Recycling | Hacked Fabricated ------------ Nothing Repaired ---------- Nothing Alien Tech Used ----------------- None Achievements -------------- None Challenges ------------ None Game ------ Seed AdvancedAntimissileAmplifier Manual? 0 Play Time 00:50:25 Cumulative 381.9 hours Start 2025.10.14 @ 05:58:43 End 2025.10.14 @ 09:22:53 Sessions 2 Manual Loads 0 Difficulty Rogue Special Mode None Game No. 499 Rogue 499 Adventurer 0 Explorer 0 Win Type - Total 11 Types 6/0/1/2/1/0/1/0/0/0 Lore% 88 Gallery% 83 Achievement% 70 Wizard Run 0 Options --------- Layout 0 ASCII 0 Keyboard 0 Movement Mouse Keybinds 0 Fullscreen 1 Font 24/Tamsyn Map View 76x50 Zoom Use 0% Tactical HUD 1 Map Filters NONE Filters NONE Steam 1 RUN: 6b02a083-efaf-4f22-871c-e48008ddff85